 Dungeon Crawl Stone Soup version 0.24.0-29-g8ce449bc06 (webtiles) character file.

Game seed: 15796397312753312146, levelgen mode: deterministic

85310 Flugslaktarn the Severer (level 15, -6/141 HPs)
             Began as a Deep Dwarf Fighter on Nov 15, 2019.
             Was the Champion of Makhleb.
             Mangled by the 19-headed Lernaean hydra (7 damage)
             ... on level 4 of the Swamp.
             The game lasted 00:13:43 (14788 turns).

Flugslaktarn the Severer (Deep Dwarf Fighter)      Turns: 14788, Time: 00:13:43

Health: -6/141     AC: 23    Str: 31    XL:     15   Next: 37%
Magic:  7/7        EV: 11    Int:  8    God:    Makhleb [******]
Gold:   1256       SH: 14    Dex: 12    Spells: 14/14 levels left

rFire    . . .     SeeInvis .   a - +2 hand axe (flame)
rCold    . . .     Gourm    +   c - +0 shield
rNeg     + + .     Faith    .   p - +5 plate armour of Peek-a-Boo {rN+ rCorr Str+4}
rPois    +         Spirit   .   (no helmet)
rElec    .         Reflect  .   (no cloak)
rCorr    +         Harm     .   P - +0 pair of gloves
MR       +++..                  E - +0 pair of boots
Stlth    ..........             D - amulet of the gourmand
HPRegen  0.00/turn              m - ring of protection from magic
MPRegen  0.10/turn              M - +3 ring of evasion

@: non-regenerating
A: damage resistance, heal wounds, hooves 1, negative energy resistance 1, sense
surroundings 2, poison resistance, no regeneration
a: Heal Wounds, Minor Destruction, Lesser Servant of Makhleb, Major Destruction,
Greater Servant of Makhleb, Renounce Religion


You were on level 4 of the Swamp.
You worshipped Makhleb.
Makhleb was exalted by your worship.
You were very full.

You visited 4 branches of the dungeon, and saw 22 of its levels.

You collected 1256 gold pieces.

Inventory:

Hand Weapons
 a - a +2 hand axe of flaming (weapon)
   (You acquired it on level 4 of the Lair of Beasts)
 b - a +1 war axe of electrocution
   (You found it on level 3 of the Dungeon)
Armour
 c - a +0 shield (worn)
 p - the +5 plate armour of Peek-a-Boo (worn) {rN+ rCorr Str+4}
   (You found it on level 11 of the Dungeon)

   It affects your strength (+4).
   It protects you from negative energy.
   It provides partial protection from all sources of acid and corrosion.
 E - a +0 pair of boots (worn)
   (You found it on level 10 of the Dungeon)
 P - a +0 pair of gloves (worn)
   (You found it on level 3 of the Lair of Beasts)
Jewellery
 i - an uncursed ring of see invisible
   (You found it on level 1 of the Lair of Beasts)
 k - an uncursed ring of resist corrosion
   (You found it on level 3 of the Dungeon)
 m - a ring of protection from magic (left hand)
   (You found it on level 7 of the Dungeon)
 D - an amulet of the gourmand (around neck)
   (You found it on level 6 of the Dungeon)
 G - the ring "Pirrod Vib" {+Fly rF++ Str+4 Slay-5 Stlth-}
   (You found it on level 5 of the Lair of Beasts)

   [ring of attention]

   It affects your strength (+4).
   It affects your accuracy and damage with ranged weapons and melee attacks
   (-5).
   It greatly protects you from fire.
   It lets you fly.
   It makes you less stealthy.
 M - a +3 ring of evasion (right hand)
   (You found it on level 1 of the Dungeon)
Wands
 v - a wand of digging (5)
   (You found it on level 8 of the Dungeon)
 y - a wand of enslavement (13)
   (You found it on level 4 of the Lair of Beasts)
 F - a wand of acid (12)
   (You found it on level 2 of the Dungeon)
 I - a wand of clouds (4)
   (You found it on level 2 of the Lair of Beasts)
Scrolls
 o - 5 scrolls of enchant weapon
 r - 3 scrolls of identify
 t - 10 scrolls of teleportation
 w - 9 scrolls of remove curse
 x - a scroll of immolation
 B - 3 scrolls of enchant armour
 C - 2 scrolls of magic mapping
 J - 2 scrolls of fog
 L - a scroll of vulnerability {unknown}
 N - a scroll of summoning {unknown}
 O - a scroll of silence {unknown}
Potions
 d - 5 potions of might
 f - 2 potions of heal wounds
 g - 6 potions of lignification
 h - a potion of haste
 j - a potion of invisibility
 l - a potion of cancellation
 n - 2 potions of resistance
 q - 5 potions of curing
 s - 2 potions of agility
 A - 2 potions of ambrosia
 H - 4 potions of flight
 K - 2 potions of brilliance
 Q - 2 potions of mutation
Miscellaneous
 R - a box of beasts
Comestibles
 e - 43 rations


   Skills:
 + Level 11.0 Fighting
 * Level 16.9 Axes
 + Level 12.7 Armour
 + Level 12.7 Shields
 + Level 12.9 Invocations
 - Level 6.0 Evocations


You had 14 spell levels left.
You didn't know any spells.
Your spell library was empty.

Dungeon Overview and Level Annotations

Branches:
Dungeon (11/15)            Temple (1/1) D:7            Lair (6/6) D:11
  Swamp (4/4) Lair:2       Spider (0/4) Lair:3        Slime (0/5) Lair:6
    Orc (0/2) D:11

Altars:
Ashenzari
Cheibriados
Dithmenos
Elyvilon
Fedhas
Gozag
Hepliaklqana
Kikubaaqudgha
Makhleb
Nemelex Xobeh
Okawaru
Qazlal
Ru
Sif Muna
Trog
Uskayaw
Vehumet
Wu Jian
Xom
Yredelemnul
Zin
The Shining One

Shops:
D:3 *   D:7 }

Annotations:
D:3 2 transporters
D:7 2 transporters, Azrel's ghost, novice MiBe
D:8 exclusion: statue
D:10 3 runed translucent doors
Lair:5 exclusion: oklob plant
Lair:6 exclusion: 2 oklob plants
Swamp:4 Lernaean hydra


Innate Abilities, Weirdness & Mutations

You are resistant to damage.
You can heal yourself by infusing magical energy.
You resist negative energy. (rN+)
You passively map the area around you.
You do not regenerate.
You have large cloven feet.
Your system is resistant to poisons. (rPois)


Message History

You slash the swamp dragon! You burn the swamp dragon. You hit the swamp drake.
You burn the swamp drake. The 19-headed Lernaean hydra bites you.
* * * LOW HITPOINT WARNING * * *
The 19-headed Lernaean hydra bites you.
The 19-headed Lernaean hydra bites you but does no damage. x2
The 19-headed Lernaean hydra bites you!
* * * LOW HITPOINT WARNING * * *
The 19-headed Lernaean hydra bites you.
You block the 19-headed Lernaean hydra's attack.
The 19-headed Lernaean hydra bites you but does no damage.
The 19-headed Lernaean hydra bites you!
* * * LOW HITPOINT WARNING * * *
You block the 19-headed Lernaean hydra's attack.
The 19-headed Lernaean hydra bites you!
* * * LOW HITPOINT WARNING * * *
The 19-headed Lernaean hydra bites you!
* * * LOW HITPOINT WARNING * * *
The 19-headed Lernaean hydra bites you but does no damage.
The 19-headed Lernaean hydra bites you!
You die...

* * ≈ *##†≈.##
, * ..≈.
##≈.≈(.#* ≈
≈.≈.≈##.§♣♣♣.≈#
* * #.§.##≈≈##
*#≈.# ≈*
#≈.##≈†## #≈.#
* ≈ #♣≈.#.≈##≈
, *#.. ≈, * *
#≈§≈#≈≈# , ≈
≈.* , ,, ≈
#≈†≈#.≈## ,* ,
#≈○°#@D.# ≈ ≈ ≈
≈, ##.DkD.≈# ,≈
** ≈ ≈ ,,
###♣#≈n.≈.♣ ,
≈≈ ≈ * #♣≈≈.♣≈.
, ≈, , ***
*####* * ≈ * ≈
, ≈ ≈≈ , ≈ * *
, ≈ ≈, , , ≈, *
**


You could see the 19-headed Lernaean hydra, a two-headed hydra, a swamp dragon,
a bog body and a swamp drake.

Vanquished Creatures
  Rupert (Lair:5)
  2 thorn hunters (Swamp:3)
  Gastronok (Lair:3)
  Nessos (Lair:6)
  The ghost of Zevvob the Spear-Bearer, a journeyman OpFi of Cheibriados (Lair:5)
  Josephine (Lair:6)
  10 hydras
  Harold (D:8)
  2 shambling mangroves (Swamp:3)
  6 alligators
  Urug (Lair:3)
  4 death yaks (Lair:6)
  Nergalle (D:11)
  Sonja (Lair:1)
  An unseen horror (D:9)
  A spriggan druid (Swamp:3)
  4 swamp dragons (Swamp:4)
  Pikel (D:9)
  A wolf spider (Lair:3)
  A deep elf mage (D:9)
  A manticore (D:11)
  11 elephants
  A black mamba (Lair:6)
  2 torpor snails
  28 spiny frogs
  A kobold demonologist (D:9)
  An efreet (D:9)
  3 komodo dragons
  3 polar bears
  A queen bee (Lair:1)
  A troll (D:10)
  A jumping spider (Lair:3)
  13 tyrant leeches
  10 hornets
  8 bog bodies
  32 blink frogs
  5 slime creatures
  4 hippogriffs
  3 dream sheep (Lair:6)
  2 redbacks (Lair:3)
  7 spriggans
  2 shadows
  39 yaks
  3 wyverns
  5 wraiths (Lair:6)
  A basilisk (D:9)
  A vampire (D:11)
  A hungry ghost (D:10)
  10 vampire mosquitoes
  4 insubstantial wisps (Swamp:3)
  9 swamp worms
  4 porcupines
  3 ice beasts
  12 water moccasins
  5 orc warriors
  12 swamp drakes
  A sky beast (D:11)
  2 black bears
  2 slaves (D:9)
  A hornet zombie (D:11)
  5 ogres
  6 phantoms
  5 wolves (Lair:6)
  5 centaurs
  6 crocodiles
  4 big kobolds
  23 bullfrogs
  A wyvern zombie (D:10)
  4 scorpions
  A water moccasin skeleton (D:7)
  24 killer bees
  2 electric eels
  5 wights (D:10)
  6 crimson imps
  A bullfrog zombie (D:6)
  6 jellies
  5 hounds
  2 orc priests (D:11)
  10 orc wizards
  2 bullfrog skeletons
  2 centaur skeletons
  4 iguanas
  10 worker ants
  A hound zombie (D:6)
  3 hound skeletons
  3 gnolls (D:6)
  A howler monkey skeleton (D:11)
  A worker ant zombie (D:9)
  12 adders
  4 shadow imps
  6 oozes (D:6)
  An adder zombie (D:9)
  2 adder skeletons
  2 worms
  3 leopard geckos
  26 orcs
  8 bats
  5 giant cockroaches
  10 goblins
  6 hobgoblins
  7 jackals
  15 kobolds
  A quokka (D:7)
  5 frilled lizards
  A leopard gecko skeleton (D:5)
  13 rats
  A briar patch (Swamp:3)
  3 fungi
  6 plants
582 creatures vanquished.

Vanquished Creatures (collateral kills)
  3 hydras
  4 elephants (Lair:4)
  A hippogriff (Lair:1)
  A water moccasin (Lair:4)
  A porcupine (Lair:4)
  4 crocodiles
  A bullfrog (Lair:1)
15 creatures vanquished.

Vanquished Creatures (others)
  A tyrant leech (Swamp:3)
  A briar patch (Swamp:3)
  11 fungi
  47 plants
  5 toadstools (D:6)
65 creatures vanquished.

Grand Total: 662 creatures vanquished

Notes
Turn   | Place    | Note
-------+----------+-------------------------------------------
     0 | D:1      | Flugslaktarn the Deep Dwarf Fighter began the quest for the
                  | Orb.
     0 | D:1      | Reached XP level 1. HP: 20/20 MP: 1/1
   105 | D:1      | Reached XP level 2. HP: 22/27 MP: 2/2
   327 | D:1      | You fall into a shaft and drop 1 floor!
   350 | D:2      | Noticed a +0 hand axe
   352 | D:2      | Noticed a +0 hand axe
   360 | D:2      | Found a hide-covered altar of Uskayaw.
   525 | D:2      | Reached XP level 3. HP: 27/34 MP: 3/3
   537 | D:2      | Reached skill level 3 in Axes
   612 | D:2      | Found a bloodstained altar of Trog.
   731 | D:2      | Noticed a bullfrog
   740 | D:2      | Killed a bullfrog
   740 | D:2      | Reached XP level 4. HP: 34/42 MP: 4/4
   995 | D:2      | Found a blossoming altar of Fedhas.
   995 | D:2      | Found an iron altar of Okawaru.
  1211 | D:3      | Reached skill level 4 in Axes
  1211 | D:3      | Reached XP level 5. HP: 36/49 MP: 5/5
  1276 | D:3      | Found Gozag's Platinum Reserve.
  1296 | D:3      | Found an opulent altar of Gozag.
  1331 | D:3      | Found a transporter.
  1346 | D:3      | Found a transporter.
  1432 | D:3      | Noticed an ogre
  1440 | D:3      | Killed an ogre
  1440 | D:3      | Reached XP level 6. HP: 29/57 MP: 6/6
  1632 | D:3      | Found a sacrificial altar of Ru.
  1734 | D:3      | Reached skill level 5 in Axes
  2167 | D:4      | Reached skill level 1 in Evocations
  2248 | D:4      | Reached XP level 7. HP: 29/64 MP: 6/8
  2536 | D:5      | Entered Level 5 of the Dungeon
  2543 | D:5      | Reached skill level 5 in Shields
  2569 | D:5      | Reached skill level 5 in Armour
  2634 | D:5      | Found a stormy altar of Qazlal.
  2646 | D:5      | Reached skill level 6 in Axes
  2680 | D:5      | Found a basalt altar of Yredelemnul.
  2697 | D:5      | Found a hazy altar of Hepliaklqana.
  3031 | D:6      | Reached XP level 8. HP: 50/73 MP: 10/10
  3129 | D:6      | Reached skill level 7 in Axes
  3262 | D:6      | Reached skill level 5 in Fighting
  3296 | D:6      | Noticed a slime creature
  3296 | D:6      | Noticed a slime creature
  3296 | D:6      | Noticed a slime creature
  3698 | D:6      | Gained mutation: You passively map the area around you.
                  | [Deep Dwarf growth]
  3698 | D:6      | Reached XP level 9. HP: 41/81 MP: 10/10
  3967 | D:6      | Reached skill level 8 in Axes
  3967 | D:6      | Reached skill level 5 in Evocations
  4342 | D:7      | Found a shimmering altar of Xom.
  4342 | D:7      | Found a shimmering altar of Xom.
  4342 | D:7      | Found a shimmering altar of Xom.
  4342 | D:7      | Found a shimmering altar of Xom.
  4372 | D:7      | Found a shimmering altar of Xom.
  4372 | D:7      | Found a shimmering altar of Xom.
  4387 | D:7      | Found a shimmering altar of Xom.
  4421 | D:7      | Found Guostrus's Gadget Shop.
  4446 | D:7      | Found a staircase to the Ecumenical Temple.
  4465 | D:7      | Found a transporter.
  4469 | D:7      | Noticed Azrel's ghost (novice MiBe)
  4470 | D:7      | Found the brooch of Shielding {Reflect SH+8}
  4470 | D:7      | Noticed a moth of wrath
  4491 | Temple   | Entered the Ecumenical Temple
  4523 | Temple   | Became a worshipper of Makhleb the Destroyer
  4770 | D:7      | Found a shimmering altar of Xom.
  4865 | D:7      | Found a transporter.
  4980 | D:8      | Found a snail-covered altar of Cheibriados.
  5031 | D:8      | Reached skill level 1 in Invocations
  5090 | D:8      | Found a radiant altar of Vehumet.
  5263 | D:8      | Reached skill level 9 in Axes
  5665 | D:8      | Noticed Harold
  5687 | D:8      | Killed Harold
  5687 | D:8      | Reached XP level 10. HP: 53/91 MP: 9/9
  6187 | D:9      | Noticed a deep elf mage
  6203 | D:9      | Reached * piety under Makhleb
  6203 | D:9      | Reached skill level 10 in Axes
  6204 | D:9      | Killed a deep elf mage
  6341 | D:9      | Killed an unseen horror
  6575 | D:9      | Reached skill level 5 in Invocations
  6622 | D:9      | Noticed Pikel
  6637 | D:9      | Killed Pikel
  6813 | D:9      | Gained mutation: You have large cloven feet. [potion of
                  | mutation]
  6813 | D:9      | Gained mutation: Your system is resistant to poisons.
                  | (rPois) [potion of mutation]
  6841 | D:10     | Entered Level 10 of the Dungeon
  6911 | D:10     | Reached skill level 11 in Axes
  6955 | D:10     | Found a runed translucent gate.
  6955 | D:10     | Found a runed translucent gate.
  6957 | D:10     | Noticed a cyan ugly thing
  6958 | D:10     | Found a runed translucent gate.
  6958 | D:10     | Noticed a red ugly thing
  6958 | D:10     | Noticed a red ugly thing
  7057 | D:10     | Reached XP level 11. HP: 92/100 MP: 5/5
  7211 | D:10     | Reached ** piety under Makhleb
  7591 | D:11     | Noticed Nergalle
  7605 | D:11     | Killed Nergalle
  7645 | D:11     | Got a heavily runed plate armour
  7656 | D:11     | Identified the +5 plate armour of Peek-a-Boo {rN+ rCorr
                  | Str+4} (You found it on level 11 of the Dungeon)
  8094 | D:11     | Found a staircase to the Orcish Mines.
  8139 | D:11     | Found a staircase to the Lair.
  8267 | D:11     | Reached *** piety under Makhleb
  8267 | D:11     | Reached skill level 12 in Axes
  8465 | Lair:1   | Entered Level 1 of the Lair of Beasts
  8465 | Lair:1   | Noticed Sonja
  8466 | Lair:1   | Killed Sonja
  8666 | Lair:1   | Reached XP level 12. HP: 110/110 MP: 7/7
  8685 | Lair:1   | Noticed a five-headed hydra
  8706 | Lair:1   | Killed a six-headed hydra
  9619 | Lair:2   | Found a staircase to the Swamp.
 10143 | Lair:3   | Noticed Gastronok
 10156 | Lair:3   | Killed Gastronok
 10156 | Lair:3   | Reached skill level 13 in Axes
 10211 | Lair:3   | Noticed an eight-headed hydra
 10227 | Lair:3   | Killed an eight-headed hydra
 10235 | Lair:3   | Identified a scroll of acquirement
 10345 | Lair:3   | Reached skill level 10 in Armour
 10360 | Lair:3   | Reached skill level 10 in Shields
 10454 | Lair:3   | Noticed Urug
 10477 | Lair:3   | Killed Urug
 10740 | Lair:3   | Found a hole to the Spider Nest.
 10747 | Lair:3   | Reached **** piety under Makhleb
 10865 | Lair:4   | Noticed a five-headed hydra
 10871 | Lair:4   | Killed a five-headed hydra
 11153 | Lair:4   | Reached XP level 13. HP: 121/121 MP: 10/10
 11158 | Lair:4   | Reached skill level 14 in Axes
 11518 | Lair:5   | Reached skill level 10 in Invocations
 11539 | Lair:5   | Found a transporter.
 11609 | Lair:5   | Noticed Rupert
 11632 | Lair:5   | Killed Rupert
 11677 | Lair:5   | Found a transporter.
 11677 | Lair:5   | Noticed Zevvob's ghost (journeyman OpFi)
 11730 | Lair:5   | Found a shadowy altar of Dithmenos.
 12015 | Lair:5   | Found a blossoming altar of Fedhas.
 12112 | Lair:5   | Killed Zevvob's ghost
 12120 | Lair:5   | Got a brightly glowing marble ring
 12133 | Lair:5   | Identified the ring "Pirrod Vib" {+Fly rF++ Str+4 Slay-5
                  | Stlth-} (You found it on level 5 of the Lair of Beasts)
 12360 | Lair:6   | Entered Level 6 of the Lair of Beasts
 12367 | Lair:6   | Reached ***** piety under Makhleb
 12380 | Lair:6   | Noticed Nessos
 12465 | Lair:6   | Reached skill level 15 in Axes
 12558 | Lair:6   | Gained mutation: You resist negative energy. (rN+) [Deep
                  | Dwarf growth]
 12558 | Lair:6   | Reached XP level 14. HP: 128/130 MP: 10/10
 12692 | Lair:6   | Reached skill level 10 in Fighting
 12803 | Lair:6   | Noticed Josephine
 12826 | Lair:6   | Killed Josephine
 12859 | Lair:6   | Reached ****** piety under Makhleb
 12892 | Lair:6   | Killed Nessos
 12904 | Lair:6   | Found a staircase to the Slime Pits.
 13259 | Swamp:1  | Entered Level 1 of the Swamp
 13608 | Swamp:1  | Reached skill level 16 in Axes
 14227 | Swamp:3  | Noticed a thorn hunter
 14259 | Swamp:3  | Killed a thorn hunter
 14469 | Swamp:3  | Reached XP level 15. HP: 89/140 MP: 8/8
 14520 | Swamp:3  | Noticed a thorn hunter
 14534 | Swamp:3  | Killed a thorn hunter
 14639 | Swamp:4  | Entered Level 4 of the Swamp
 14764 | Swamp:4  | Noticed the 27-headed Lernaean hydra
 14788 | Swamp:4  | HP: 7/141 [the 19-headed Lernaean hydra (5)]
 14788 | Swamp:4  | HP: 1/141 [the 19-headed Lernaean hydra (6)]
 14788 | Swamp:4  | Mangled by the 19-headed Lernaean hydra

Levels and vault maps discovered:
D:1:      psy_arrival_spokes, layout_basic
D:2:      layout_loops_corners, dancing_weapons_uskayaw, lightli_temple_of_fire,
          amethyst_overflow_temple_binary, minmay_tromino_v4_a
D:3:      gammafunk_steamed_eel, layout_basic, nicolae_ru_path_of_blood,
          nicolae_gozag_zags_fifth_avenue, first_ration
D:4:      layout_basic, hangedman_decor_clover_reticule
D:5:      layout_cave_pools, gammafunk_temple_overflow_forgotten,
          serial_column_ruins, column_ruins_open_medium_water,
          column_ruins_columns_dead_end, column_ruins_open_tiny,
          column_ruins_grid_1, column_ruins_open_large
D:6:      cheibrodos_fertilizer, layout_layer_cave, grunt_ministairs_9
D:7:      layout_rooms, xom_shifter_show, minmay_temple_entry_statues_fountains,
          gammafunk_ghost_berserking_beasts, serial_shops,
          nicolae_shop_window_shopping
D:8:      layout_basic, lemuel_crystal_altar, vehumet_statue,
          chequers_serial_rivers_room_b, uniq_harold
D:9:      hangedman_cross_veins, layout_cave_pools, the_bakery,
          solitary_fountain, uniq_pikel
D:10:     layout_gridville, ploomutoo_gammafunk_ghost_potion_laboratory
D:11:     layout_loops_corners, lair_entry_dummy, orc_0_dummy, minivault_14,
          uniq_nergalle
Temple:   chequers_temple_sunken
Lair:1:   layout_cave_pods, special_room [special_room_bee], uniq_sonja
Lair:2:   layout_chaotic_city, swamp_mist, grunt_megastairs_1
Lair:3:   layout_misc_corridors, spider_nest_entry_funnel_web,
          grunt_megastairs_4, serial_bayou_shore_a, uniq_urug, uniq_gastronok
Lair:4:   layout_misc_corridors
Lair:5:   layout_misc_corridors, basic_altar, gammafunk_ghost_arena, tgw_fedhas,
          uniq_rupert
Lair:6:   minmay_lair_end_frog_pond, layout_misc_corridors,
          minmay_slime_entry_oklob_open, uniq_nessos, uniq_josephine
Swamp:1:  layout_basic_swamp, nicolae_swamp_rocky_clearing
Swamp:2:  layout_falls_marsh, evilmike_swamp_ruin_rubble_1, uniq_aizul
Swamp:3:  layout_basic_swamp, evilmike_swamp_ruin_house_4
Swamp:4:  swamp_basic_johnstein, layout_basic_swamp, uniq_nikola

Skill      XL: |  1  2  3  4  5  6  7  8  9 10 11 12 13 14 15 |
---------------+----------------------------------------------+-----
Fighting       | 3 4 5 6 7 8 9 10 11 | 11.0
Axes           | 3 4 5 6 7 9 11 12 13 15 16 | 16.9
Armour         | 4 5 6 7 8 9 10 11 12 | 12.7
Shields        | 4 5 6 7 8 9 10 11 12 | 12.7
Evocations     | 1 3 4 6 |  6.0
Invocations    | 3 5 7 9 11 12 | 12.9

Action                   |  1- 3 |  4- 6 |  7- 9 | 10-12 | 13-15 || total
-------------------------+-------+-------+-------+-------+-------++-------
Melee: War axe           |    93 |   139 |   302 |   661 |   542 ||  1737
       Kick              |       |       |       |    24 |       ||    24
       Hand axe          |       |       |       |       |   517 ||   517
Invok: Lesser Servant of |       |       |       |     8 |       ||     8
 Abil: Heal Wounds       |     1 |     3 |    18 |     9 |    26 ||    57
Evoke: Wand              |       |       |       |     2 |     8 ||    10
  Use: Potion            |       |       |     1 |     1 |       ||     2
       Scroll            |       |       |       |    26 |     6 ||    32
 Stab: Confused          |       |       |       |       |     1 ||     1
  Eat: Chunk             |       |     5 |     8 |    32 |    12 ||    57
       Ration            |       |       |     1 |       |       ||     1
Armor: Scale mail        |    43 |    58 |    46 |       |       ||   147
       Chain mail        |       |       |    98 |   118 |       ||   216
       Plate armour      |       |       |       |   159 |   673 ||   832
Dodge: Dodged            |    41 |    53 |   137 |   184 |   451 ||   866
Block: Shield            |    50 |    67 |   186 |   384 |   775 ||  1462
